 Dungeon Crawl Stone Soup version 0.31-a0-702-gf82c85558f (webtiles) character file.

Game seed: 3184792959137348307

15 qw the Shooter (level 2, -2/17 HPs)
             Began as a Gargoyle Hunter on Sept 7, 2023.
             Slain by Terence
             ... wielding a +0 mace
              (8 damage)
             ... on level 2 of the Dungeon.
             The game lasted 00:00:12 (556 turns).

qw the Shooter (Gargoyle Hunter)                     Turns: 556, Time: 00:00:13

Health: -2/17      AC:  5    Str: 14    XL:     2   Next: 50%
Magic:  2/2        EV: 11    Int:  9    God:
Gold:   33         SH:  0    Dex: 13    Spells: 1/1 levels left

rFire   . . .        Y - +0 shortbow (freeze)
rCold   . . .        (shield currently unavailable)
rNeg    + . .        c - +0 leather armour
rPois   inf          (no helmet)
rElec   +            (no cloak)
rCorr   .            (no gloves)
SInv    .            (no boots)
Will    .....        (no amulet)
Stlth   +            (no ring)
HPRegen 0.22/turn    (no ring)
MPRegen 0.08/turn

%: no passive effects
@: no status effects
A: sickness immunity, AC +2, negative energy resistance 1, electricity
resistance, torment resistance 1, petrification resistance
a: no special abilities


You were on level 2 of the Dungeon.
You visited 1 branch of the dungeon, and saw 2 of its levels.

You collected 33 gold pieces.


Innate Abilities, Weirdness & Mutations

You are immune to sickness and miasma.
Your stone body is resilient. (AC +2)
You are immune to poison.
You resist negative energy. (rN+)
You are resistant to electric shocks. (rElec)
You are resistant to unholy torment.
You are immune to petrification.


   Skills:
 - Level 2.1 Fighting
 + Level 4.6 Ranged Weapons
 - Level 1.5 Dodging
 - Level 1.1 Stealth


You had one spell level left.
You didn't know any spells.
Your spell library was empty.

Inventory:

Hand Weapons
 Y - a +0 shortbow of freezing (weapon)
Armour
 c - a +0 leather armour (worn)
Potions
 d - a potion of attraction {unknown}
 e - a potion of might {unknown}
 i - a potion of curing
 l - a potion of degeneration {unknown}

Dungeon Overview and Level Annotations

Branches:
Dungeon (2/15)

Altars:

Annotations:
D:2 Terence


Message History

499 ||| DRINKING 2 grey potions.
It was a potion of curing.
You feel better.
Done exploring.
500 ||| DROPPING scroll of butterflies.
You drop a scroll of butterflies.
Done exploring.
What level of the Dungeon? (default 1, ? - help)
You see here 8 stones.
There is a stone staircase leading down here.
You climb downwards.
There is a stone staircase leading up here.
A kobold is nearby!
Waypoint 1 assigned to D:2.
You shoot an arrow. The arrow hits the kobold.
The arrow freezes the kobold.
The kobold shouts!
The kobold is severely wounded.
You shoot an arrow.
The arrow hits the kobold but does no damage.
The kobold is severely wounded.
You shoot an arrow. The arrow closely misses the kobold.
You shoot an arrow. The arrow hits the kobold.
The arrow freezes the kobold.
You kill the kobold!
You open the door.
You feel your willpower return.
There is an open door here.
A giant cockroach comes into view.
Found a war axe.
The giant cockroach moves out of view.
Terence the Incautious comes into view.
He is wielding a +0 mace and wearing a +2 scale mail of willpower.
You shoot an arrow.
The arrow hits Terence but does no damage.
Terence shouts!
You shoot an arrow.
The arrow hits Terence but does no damage.
Terence hits you with a +0 mace.
You shoot an arrow. The arrow hits Terence.
The arrow freezes Terence.
Terence is moderately wounded.
Terence hits you with a +0 mace.
You shoot an arrow.
The arrow hits Terence but does no damage.
Terence is moderately wounded.
Terence hits you with a +0 mace!
You die...

#### #.### ...
######...
####.###...##..#
#..).@.....##..#
#.##@###...##..#####.
#. ##.##...#..... ..
#.#......# ###
#........###.#
#####........#
#.######## #.# ##'##


You could see Terence.

Vanquished Creatures
  2 ball pythons (D:1)
  3 endoplasms (D:1)
  A goblin (D:1)
  A kobold (D:2)
  2 bats (D:1)
  2 frilled lizards (D:1)
  3 rats (D:1)
14 creatures vanquished.

Notes
Turn   | Place    | Note
-------+----------+-------------------------------------------
     0 | D:1      | qw the Gargoyle Hunter began the quest for the Orb.
     0 | D:1      | Reached XP level 1. HP: 12/12 MP: 1/1
     0 | D:1      | 0 ||| qw: Version: 0.3-a-76-g4403597
     0 | D:1      | 0 ||| qw: Game counter: 888
     0 | D:1      | 0 ||| qw: Melee chars always use a shield: true
     0 | D:1      | 0 ||| qw: God list: Okawaru
     0 | D:1      | 0 ||| qw: Allow faded altars: false
     0 | D:1      | 0 ||| qw: Do Orc after clearing Dungeon:15 true
     0 | D:1      | 0 ||| qw: Do second Lair branch before Depths: true
     0 | D:1      | 0 ||| qw: Lair rune preference: random
     0 | D:1      | 0 ||| qw: Goals: Normal
     0 | D:1      | 0 ||| PLANNING D:1-11
   135 | D:1      | Reached XP level 2. HP: 17/17 MP: 2/2
   185 | D:1      | Found a faded altar of an unknown god.
   494 | D:1      | 494 ||| READING scroll labelled HUOQOPLOOM.
   495 | D:1      | 495 ||| READING scroll labelled QERUCU EMMECI.
   496 | D:1      | 496 ||| READING scroll labelled GIWNEJ SO BARI.
   497 | D:1      | 497 ||| READING scroll labelled GEECVE FOVOIS.
   498 | D:1      | 498 ||| READING scroll labelled FEOCKA VAICIB.
   499 | D:1      | 499 ||| DRINKING 2 grey potions.
   500 | D:1      | 500 ||| DROPPING scroll of butterflies.
   552 | D:2      | Noticed Terence
   556 | D:2      | Slain by Terence

Levels and vault maps discovered:
D:1:      eino_arrival_cavern_c, layout_basic,
          hellmonk_ecumenical_altar_leap_of_faith, minmay_misc_feat_chi
D:2:      layout_loops_corners, minivault_5, uniq_terence

Action                     || total
---------------------------++-------
   Fire: Shortbow          ||    34
    Use: Scroll            ||     5
         Potion            ||     1
 Armour: Leather armour    ||     5

Table legend:
 A = Non-vault XP
 B = Vault XP
 C = Vault XP percentage of total XP
 D = Non-vault monster count
 E = Vault monster count
 F = Vault count percentage of total count
                 A         B        C        D         E       F
            +---------+---------+-------+---------+---------+-------
      Total |      22 |       0 |   0.0 |      14 |       0 |   0.0
            +---------+---------+-------+---------+---------+-------
        D:1 |      20 |       0 |   0.0 |      13 |       0 |   0.0
        D:2 |       2 |       0 |   0.0 |       1 |       0 |   0.0
            +---------+---------+-------+---------+---------+-------
